 Dungeon Crawl Stone Soup version 0.29.0-4-gdea44cf6ec (webtiles) character file.

Game seed: 2277401812222834685

11741 qw the Grappler (level 11, 0/104 HPs)
             Began as a Troll Cinder Acolyte on Aug 31, 2022.
             Was a Follower of Ignis.
             Slain by a killer bee (1 damage)
             ... on level 2 of the Lair of Beasts.
             The game lasted 00:06:02 (8880 turns).

qw the Grappler (Troll Cinder Acolyte)              Turns: 8880, Time: 00:06:03

Health: 0/104      AC: 12    Str: 28    XL:     11   Next: 53%
Magic:  11/11      EV: 15    Int: 10    God:    Ignis [*.....]
Gold:   351        SH: 18    Dex:  5    Spells: 12/12 levels left

rFire   + . .      SeeInvis +     - Unarmed
rCold   . . .      Faith    .   g - +0 tower shield
rNeg    . . .      Spirit   .   b - +0 steam dragon scales
rPois   .          Reflect  +   l - +1 hat {SInv}
rElec   .          Harm     .   m - scarf {repulsion}
rCorr   .          Rampage  .   (gloves unavailable)
Will    .....                   (boots unavailable)
Stlth   +.........              o - amulet of reflection
HPRegen 1.07/turn               i - +4 ring of evasion
MPRegen 0.12/turn               p - +4 ring of evasion

@: lethally poisoned (0 -> -2), fiery-armoured, repel missiles
A: large, unfitting armour, claws 3, regeneration 1, shaggy fur 1, tough skin 1,
antennae 1, deformed body, inability to read after injury 1
a: Renounce Religion, Fiery Armour, Foxfire Swarm, Rising Flame


You were on level 2 of the Lair of Beasts.
You worshipped Ignis.
Ignis was aware of your devotion.
You visited 2 branches of the dungeon, and saw 13 of its levels.
You also visited: Ossuary and Gauntlet.

You collected 781 gold pieces.
You spent 430 gold pieces at shops.


Innate Abilities, Weirdness & Mutations

You are too large for most types of armour.
You have claws for hands.
Your natural rate of healing is unusually fast.
You are covered in fur. (AC +1)
You have tough skin. (AC +1)
You have a pair of small antennae on your head.
Armour fits poorly on your strangely shaped body.
You occasionally lose the ability to read scrolls when taking damage.


   Skills:
 - Level 5.3 Fighting
 - Level 2.3 Throwing
 - Level 2.1 Armour
 - Level 3.1 Dodging
 + Level 9.5 Shields
 - Level 13.3 Unarmed Combat
 - Level 1.0 Spellcasting
 - Level 2.1 Fire Magic


You had 12 spell levels left.
You didn't know any spells.
Your spell library contained the following spells:

 Spells                   Type           Power      Damage    Failure   Level
 Scorch                   Fire           8%         2d5       65%         2

Inventory:

Missiles
 a - 4 boomerangs (quivered)
 e - 7 silver javelins
Armour
 b - +0 steam dragon scales (worn)
 g - a +0 tower shield (worn)
 h - the +2 cloak of Lucidity {Rampage rC- Dex+8}
   (You found it in a Gauntlet)

   Dex:       It affects your dexterity (+8).
   rC:        It makes you vulnerable to cold.
   Rampage:   It bestows one free step when moving towards enemies.
 l - a +1 hat of see invisible (worn)
 m - a scarf of repulsion (worn)
Jewellery
 i - a +4 ring of evasion (left claw)
 o - an amulet of reflection (around neck)
 p - a +4 ring of evasion (right claw)
Scrolls
 f - 3 scrolls of identify
Potions
 c - 2 potions of resistance
 d - 3 potions of cancellation
 j - a potion of berserk rage {unknown}
 n - 3 potions of might

Dungeon Overview and Level Annotations

Branches:
Dungeon (11/15)            Temple (0/1) D:7            Lair (2/5) D:11
Ossuary (visited)         Gauntlet (visited)
  Swamp: Lair:2-3    Shoals: Lair:2-3     Snake: Lair:2-3    Spider: Lair:2-3
    Orc: D:9-12

Altars:
Ashenzari
Cheibriados
Dithmenos
Hepliaklqana
Kikubaaqudgha
Qazlal
Ru
Sif Muna
Trog
Xom
The Shining One

Shops:
D:6 !*[[!(!   D:8 :

Portals:
Trove: D:10 (show slimy rune of Zot)

Annotations:
D:3 1 runed translucent door, qw's ghost, amateur TeWr


Message History

The killer bee is burned by your cloak of flames.
The killer bee is moderately wounded.
You block the killer bee's attack. x2
You closely miss the killer bee.
The killer bee is severely wounded.
You feel very sick.
The killer bee stings you but does no damage.
The killer bee is burned by your cloak of flames.
The killer bee is almost dead.
You block the killer bee's attack. x2
The killer bee stings you but does no damage.
The killer bee is burned by your cloak of flames.
The killer bee is lightly wounded.
The killer bee barely misses you. The killer bee closely misses you.
You block the killer bee's attack.
You claw the killer bee!
You kill the killer bee!
You feel sick. You block the killer bee's attack. x2
The killer bee closely misses you.
The killer bee stings you but does no damage.
The killer bee is burned by your cloak of flames.
The killer bee is lightly wounded.
You closely miss the killer bee.
The killer bee is moderately wounded.
You feel sick. You block the killer bee's attack. x2
The killer bee stings you.
You are lethally poisoned!
The killer bee poisons you!
The killer bee is burned by your cloak of flames.
The killer bee is heavily wounded.
You block the killer bee's attack.
You miss the killer bee.
The killer bee is heavily wounded.
You feel very sick. You block the killer bee's attack. x2
The killer bee stings you but does no damage.
The killer bee is burned by your cloak of flames.
The killer bee is heavily wounded.
The killer bee stings you.
You die...

### yy yy### y#.# ## #
..###.P## ### {#.......#
..###### ####.......#
.......### ### #@y%.......#
#P#.##..P###.###y%........P
#######........'..........#
# ##..#.P##P........... #
777######^.......... #
#.##...#.+#. ####.##.#.#
### ##.#


You could see 2 killer bees.

Vanquished Creatures
  A minotaur (Gauntlet)
  A two-headed ogre (D:9)
  Pikel (D:4)
  A manticore (D:11)
  A minotaur zombie (Gauntlet)
  An eye of devastation (Gauntlet)
  Maggie (D:10)
  2 queen bees
  A hornet (D:9)
  A shadow (D:10)
  12 yaks
  2 wyverns
  A golden eye (Gauntlet)
  A steam dragon (D:7)
  A chaos spawn (Gauntlet)
  A neqoxec (Gauntlet)
  An acid dragon (D:11)
  2 water moccasins
  5 orc warriors
  An ice beast (D:7)
  4 ogres
  A black bear (D:7)
  A sky beast (D:7)
  5 centaurs
  2 phantoms
  A kobold brigand (D:10)
  2 bullfrogs
  2 scorpions
  2 necrophages
  13 wights
  22 killer bees
  2 electric eels (D:9)
  3 howler monkeys
  A centaur zombie (Ossuary)
  8 orc priests
  3 hounds
  2 human zombies (Ossuary)
  2 jellies (D:6)
  An iguana (D:5)
  2 orc wizards
  3 mummies
  12 gnolls
  7 adders
  A shadow imp (D:8)
  6 white imps
  A howler monkey simulacrum (D:9)
  4 ufetubi
  2 worms (D:5)
  A dart slug (D:1)
  33 orcs
  8 endoplasms
  3 giant cockroaches
  2 gnoll zombies (Ossuary)
  9 goblins
  7 hobgoblins
  10 jackals
  4 quokkas
  11 ball pythons
  7 bats
  A frilled lizard (D:2)
  4 goblin zombies
  4 hobgoblin zombies
  5 kobolds
  3 orc zombies (Ossuary)
  4 rats
269 creatures vanquished.

Vanquished Creatures (others)
  An ice statue (Gauntlet)
  A rime drake (Gauntlet)
  A human (D:6)
  A white imp (D:9)
  14 demonic plants (Gauntlet)
  2 fungi (Lair:2)
  4 plants
24 creatures vanquished.

Grand Total: 293 creatures vanquished

Notes
Turn   | Place    | Note
-------+----------+-------------------------------------------
     0 | D:1      | qw the Troll Cinder Acolyte began the quest for the Orb.
     0 | D:1      | Reached XP level 1. HP: 22/22 MP: 1/1
     0 | D:1      | 0 ||| qw: Version: 0.1-a-97-g2dd2ca4
     0 | D:1      | 0 ||| qw: Game counter: 4482
     0 | D:1      | 0 ||| qw: Always use a shield: true
     0 | D:1      | 0 ||| qw: God list: Okawaru
     0 | D:1      | 0 ||| qw: Allow faded altars: false
     0 | D:1      | 0 ||| qw: Do Orc after D:15 true
     0 | D:1      | 0 ||| qw: Do second Lair branch before Depths: true
     0 | D:1      | 0 ||| qw: Lair rune preference: random
     0 | D:1      | 0 ||| qw: Plans: Normal
     0 | D:1      | 0 ||| PLANNING D:1-11
   280 | D:1      | Reached XP level 2. HP: 29/29 MP: 2/2
   332 | D:1      | Found a faded altar of an unknown god.
   336 | D:1      | 336 ||| Stepping ~*~*~tactically~*~*~ (stealth).
   338 | D:1      | 338 ||| Stepping ~*~*~tactically~*~*~ (outnumbered).
   343 | D:1      | 343 ||| Stepping ~*~*~tactically~*~*~ (outnumbered).
   346 | D:1      | 346 ||| Stepping ~*~*~tactically~*~*~ (outnumbered).
   356 | D:1      | Reached skill level 4 in Unarmed Combat
   356 | D:1      | 356 ||| Stepping ~*~*~tactically~*~*~ (outnumbered).
   521 | D:1      | Reached XP level 3. HP: 36/36 MP: 3/3
   639 | D:1      | 639 ||| Stepping ~*~*~tactically~*~*~ (hiding).
   640 | D:1      | 640 ||| Stepping ~*~*~tactically~*~*~ (hiding).
   939 | D:1      | 939 ||| UPGRADING to +0 robe of cold resistance.
   949 | D:1      | 949 ||| DROPPING +0 robe.
   950 | D:1      | 950 ||| READING scroll labelled BOXIEN GORE.
   951 | D:1      | 951 ||| READING 2 scrolls labelled XANE DYORUENEC.
   952 | D:1      | 952 ||| READING scroll labelled DIZUCAGEFES.
   953 | D:1      | 953 ||| READING scroll labelled HUBBER MUCO.
  1030 | D:2      | 1030 ||| Stepping ~*~*~tactically~*~*~ (hiding).
  1157 | D:2      | 1157 ||| INVOKING Fiery Armour.
  1161 | D:2      | Reached XP level 4. HP: 44/44 MP: 4/4
  1166 | D:2      | Reached skill level 5 in Unarmed Combat
  1182 | D:2      | 1182 ||| Stepping ~*~*~tactically~*~*~ (hiding).
  1450 | D:2      | 1450 ||| DROPPING scarf of harm.
  1451 | D:2      | 1451 ||| READING scroll labelled XECKUA CUPLAP.
  1510 | D:3      | 1510 ||| INVOKING Fiery Armour.
  1515 | D:3      | 1515 ||| FLEEEEING.
  1516 | D:3      | 1516 ||| FLEEEEING.
  1517 | D:3      | 1517 ||| FLEEEEING.
  1518 | D:3      | 1518 ||| FLEEEEING.
  1519 | D:3      | 1519 ||| FLEEEEING.
  1520 | D:3      | 1520 ||| FLEEEEING.
  1521 | D:3      | 1521 ||| FLEEEEING.
  1522 | D:3      | 1522 ||| STAIRDANCE
  1549 | D:2      | 1549 ||| READING scroll labelled PUXEXA DOMPE.
  1550 | D:2      | 1550 ||| READING 2 scrolls of identify.
  1550 | D:2      | 1550 ||| IDENTIFYING inky potion
  1554 | D:3      | Reached XP level 5. HP: 47/50 MP: 5/5
  1554 | D:3      | 1554 ||| STAIRDANCE
  1563 | D:3      | Reached skill level 6 in Unarmed Combat
  1627 | D:3      | Noticed qw's ghost (amateur TeWr)
  1632 | D:3      | 1632 ||| READING 2 scrolls of identify.
  1632 | D:3      | 1632 ||| IDENTIFYING bubbling orange potion
  1633 | D:3      | 1633 ||| Stepping randomly (stuck).
  1635 | D:3      | 1635 ||| Stepping randomly (stuck).
  1637 | D:3      | 1637 ||| Stepping randomly (stuck).
  1646 | D:3      | 1646 ||| Stepping randomly (stuck).
  1767 | D:3      | Found a runed translucent door.
  1988 | D:3      | 1988 ||| Stepping ~*~*~tactically~*~*~ (stealth).
  2144 | D:3      | 2144 ||| READING 2 scrolls labelled DOEGIE JIFEICS.
  2145 | D:3      | 2145 ||| DRINKING 2 lumpy grey potions.
  2146 | D:3      | 2146 ||| READING 2 scrolls of identify.
  2146 | D:3      | 2146 ||| IDENTIFYING purple potion
  2147 | D:3      | 2147 ||| DROPPING potion of brilliance.
  2148 | D:3      | 2148 ||| DROPPING scroll of noise.
  2165 | D:4      | 2165 ||| PLANNING OSSUARY
  2175 | D:4      | Noticed an ogre
  2176 | D:4      | Noticed an ogre
  2177 | D:4      | 2177 ||| Stepping ~*~*~tactically~*~*~ (stealth).
  2179 | D:4      | 2179 ||| INVOKING Fiery Armour.
  2183 | D:4      | 2183 ||| Stepping ~*~*~tactically~*~*~ (outnumbered).
  2185 | D:4      | Killed an ogre
  2186 | D:4      | Reached XP level 6. HP: 44/59 MP: 6/6
  2188 | D:4      | Reached skill level 7 in Unarmed Combat
  2289 | D:4      | Reached skill level 8 in Unarmed Combat
  2289 | D:4      | Reached XP level 7. HP: 66/66 MP: 7/7
  2368 | D:4      | Noticed Pikel
  2369 | D:4      | 2369 ||| Stepping ~*~*~tactically~*~*~ (stealth).
  2377 | D:4      | Killed Pikel
  2378 | D:4      | Reached XP level 8. HP: 80/80 MP: 8/8
  2448 | D:4      | Found a shimmering blue altar of Sif Muna.
  2517 | D:4      | 2517 ||| Stepping ~*~*~tactically~*~*~ (stealth).
  2519 | D:4      | 2519 ||| Stepping ~*~*~tactically~*~*~ (stealth).
  2565 | D:4      | 2565 ||| FLEEEEING.
  2566 | D:4      | 2566 ||| FLEEEEING.
  2567 | D:4      | 2567 ||| FLEEEEING.
  2568 | D:4      | 2568 ||| FLEEEEING.
  2569 | D:4      | 2569 ||| FLEEEEING.
  2570 | D:4      | 2570 ||| FLEEEEING.
  2571 | D:4      | 2571 ||| FLEEEEING.
  2572 | D:4      | 2572 ||| FLEEEEING.
  2712 | D:4      | Found a sand-covered staircase.
  2730 | D:4      | 2730 ||| READING 2 scrolls of identify.
  2730 | D:4      | 2730 ||| IDENTIFYING glowing emerald potion
  2731 | D:4      | 2731 ||| DROPPING potion of ambrosia.
  2735 | Ossuary  | Entered an ossuary
  2749 | Ossuary  | 2749 ||| Stepping ~*~*~tactically~*~*~ (stealth).
  2752 | Ossuary  | 2752 ||| Stepping ~*~*~tactically~*~*~ (stealth).
  2753 | Ossuary  | 2753 ||| Stepping ~*~*~tactically~*~*~ (stealth).
  2775 | Ossuary  | 2775 ||| Stepping ~*~*~tactically~*~*~ (outnumbered).
  2776 | Ossuary  | 2776 ||| Stepping ~*~*~tactically~*~*~ (outnumbered).
  2778 | Ossuary  | 2778 ||| Stepping ~*~*~tactically~*~*~ (outnumbered).
  2780 | Ossuary  | 2780 ||| Stepping ~*~*~tactically~*~*~ (outnumbered).
  2843 | Ossuary  | 2843 ||| Stepping ~*~*~tactically~*~*~ (outnumbered).
  2905 | D:4      | 2905 ||| PLANNING D:1-11
  2914 | D:4      | 2914 ||| Stepping ~*~*~tactically~*~*~ (stealth).
  3137 | D:4      | 3137 ||| UPGRADING to +4 ring of evasion.
  3138 | D:4      | 3138 ||| READING scroll labelled HEKULY GIUGG.
  3152 | D:5      | Entered Level 5 of the Dungeon
  3153 | D:5      | 3153 ||| INVOKING Fiery Armour.
  3154 | D:5      | 3154 ||| STAIRDANCE
  3164 | D:5      | 3164 ||| STAIRDANCE
  3166 | D:4      | 3166 ||| Stepping ~*~*~tactically~*~*~ (outnumbered).
  3168 | D:4      | 3168 ||| Stepping ~*~*~tactically~*~*~ (outnumbered).
  3169 | D:4      | 3169 ||| Stepping ~*~*~tactically~*~*~ (outnumbered).
  3170 | D:4      | 3170 ||| Stepping ~*~*~tactically~*~*~ (outnumbered).
  3172 | D:4      | 3172 ||| Stepping ~*~*~tactically~*~*~ (outnumbered).
  3183 | D:5      | 3183 ||| STAIRDANCE
  3185 | D:4      | 3185 ||| Stepping ~*~*~tactically~*~*~ (outnumbered).
  3186 | D:4      | 3186 ||| Stepping ~*~*~tactically~*~*~ (outnumbered).
  3187 | D:4      | 3187 ||| Stepping ~*~*~tactically~*~*~ (outnumbered).
  3188 | D:4      | 3188 ||| Stepping ~*~*~tactically~*~*~ (outnumbered).
  3189 | D:4      | 3189 ||| Stepping ~*~*~tactically~*~*~ (outnumbered).
  3190 | D:4      | 3190 ||| Stepping ~*~*~tactically~*~*~ (outnumbered).
  3209 | D:5      | 3209 ||| STAIRDANCE
  3218 | D:5      | Reached skill level 9 in Unarmed Combat
  3285 | D:5      | Reached skill level 1 in Throwing
  3472 | D:5      | Reached skill level 1 in Dodging
  3710 | D:5      | Found a bloodstained altar of Trog.
  3715 | D:5      | 3715 ||| Stepping ~*~*~tactically~*~*~ (stealth).
  3716 | D:5      | 3716 ||| Stepping ~*~*~tactically~*~*~ (stealth).
  3720 | D:5      | 3720 ||| Stepping ~*~*~tactically~*~*~ (stealth).
  3737 | D:5      | 3737 ||| Stepping ~*~*~tactically~*~*~ (outnumbered).
  4019 | D:5      | Identified the +6 whip "Xom Noimp" {venom, Fly rN+}
  4066 | D:5      | Found a snail-covered altar of Cheibriados.
  4075 | D:5      | 4075 ||| UPGRADING to ring of willpower.
  4111 | D:6      | Found a stormy altar of Qazlal.
  4114 | D:6      | Noticed an air elemental
  4121 | D:6      | 4121 ||| Stepping ~*~*~tactically~*~*~ (outnumbered).
  4122 | D:6      | 4122 ||| Stepping ~*~*~tactically~*~*~ (outnumbered).
  4123 | D:6      | 4123 ||| Stepping ~*~*~tactically~*~*~ (outnumbered).
  4219 | D:6      | Found Kaixez's Antique Armour Shoppe.
  4224 | D:6      | 4224 ||| BUYING embroidered scarf (184 gold).
  4224 | D:6      | Bought an embroidered scarf for 184 gold pieces
  4244 | D:6      | 4244 ||| FLEEEEING.
  4269 | D:6      | Reached skill level 10 in Unarmed Combat
  4294 | D:6      | Reached XP level 9. HP: 70/87 MP: 9/9
  4371 | D:6      | Found Waimait's Armour Boutique.
  4372 | D:6      | 4372 ||| DROPPING scarf of invisibility.
  4373 | D:6      | 4373 ||| DROPPING orb of light.
  4374 | D:6      | 4374 ||| UPGRADING to amulet of guardian spirit.
  4379 | D:6      | 4379 ||| INVOKING Fiery Armour.
  4380 | D:6      | 4380 ||| Stepping ~*~*~tactically~*~*~ (outnumbered).
  4381 | D:6      | 4381 ||| Stepping ~*~*~tactically~*~*~ (outnumbered).
  4382 | D:6      | 4382 ||| Stepping ~*~*~tactically~*~*~ (outnumbered).
  4383 | D:6      | 4383 ||| Stepping ~*~*~tactically~*~*~ (outnumbered).
  4394 | D:6      | Reached skill level 11 in Unarmed Combat
  4430 | D:6      | 4430 ||| BUYING +0 cloak (54 gold).
  4430 | D:6      | Bought a +0 cloak for 54 gold pieces
  4466 | D:6      | 4466 ||| Stepping ~*~*~tactically~*~*~ (stealth).
  4513 | D:6      | Found Soxut's Assorted Antiques.
  4520 | D:6      | 4520 ||| BUYING creamy pearl robe (102 gold).
  4520 | D:6      | Bought a creamy pearl robe for 102 gold pieces
  4520 | D:6      | Identified the +1 robe of Uskayaw's Whim {Dex+4} (You
                  | bought it in a shop on level 6 of the Dungeon)
  4520 | D:6      | 4520 ||| BUYING large coral ring (90 gold).
  4520 | D:6      | Bought a large coral ring for 90 gold pieces
  4520 | D:6      | 4520 ||| SHOPLISTING scroll labelled RUUDGHA PUTU (18 gold,
                  | have 6).
  4528 | D:6      | Found Rygozifi's Distillery.
  4531 | D:6      | 4531 ||| SHOPLISTING potion of cancellation (120 gold, have
                  | 6).
  4531 | D:6      | 4531 ||| SHOPLISTING potion of curing (45 gold, have 6).
  4531 | D:6      | 4531 ||| SHOPLISTING potion of haste (150 gold, have 6).
  4531 | D:6      | 4531 ||| SHOPLISTING potion of heal wounds (75 gold, have
                  | 6).
  4575 | D:6      | Found an ancient bone altar of Kikubaaqudgha.
  4597 | D:6      | Found a hazy altar of Hepliaklqana.
  4598 | D:6      | Found a shadowy altar of Dithmenos.
  4672 | D:6      | Found Jagiorr's Distillery.
  4673 | D:6      | Found Laith's Antique Weapon Emporium.
  4674 | D:6      | Found Lexkouvy's Distillery.
  4683 | D:6      | 4683 ||| SHOPLISTING potion of curing (33 gold, have 6).
  4683 | D:6      | 4683 ||| SHOPLISTING potion of haste (110 gold, have 6).
  4683 | D:6      | 4683 ||| SHOPLISTING potion of heal wounds (55 gold, have
                  | 6).
  4683 | D:6      | 4683 ||| SHOPLISTING potion of might (44 gold, have 6).
  4692 | D:6      | 4692 ||| SHOPLISTING potion of heal wounds (60 gold, have
                  | 6).
  4843 | D:6      | 4843 ||| UPGRADING to +0 cloak.
  4848 | D:6      | 4848 ||| UPGRADING to +1 robe of Uskayaw's Whim {Dex+4}.
  4858 | D:6      | 4858 ||| DROPPING +0 robe of cold resistance.
  4859 | D:6      | 4859 ||| UPGRADING to +6 ring of dexterity.
  4861 | D:6      | 4861 ||| DROPPING ring of willpower.
  4862 | D:6      | 4862 ||| DRINKING 2 fizzy ruby potions.
  4863 | D:6      | 4863 ||| READING 3 scrolls of identify.
  4863 | D:6      | 4863 ||| IDENTIFYING puce potion
  4864 | D:6      | 4864 ||| DROPPING potion of lignification.
  4935 | D:7      | 4935 ||| Stepping ~*~*~tactically~*~*~ (hiding).
  4961 | D:7      | Reached skill level 3 in Dodging
  5011 | D:7      | Found a staircase to the Ecumenical Temple.
  5021 | D:7      | 5021 ||| Stepping ~*~*~tactically~*~*~ (stealth).
  5023 | D:7      | 5023 ||| FLEEEEING.
  5024 | D:7      | 5024 ||| FLEEEEING.
  5025 | D:7      | 5025 ||| FLEEEEING.
  5026 | D:7      | 5026 ||| FLEEEEING.
  5027 | D:7      | 5027 ||| FLEEEEING.
  5028 | D:7      | 5028 ||| FLEEEEING.
  5031 | D:7      | 5031 ||| FLEEEEING.
  5032 | D:7      | 5032 ||| FLEEEEING.
  5033 | D:7      | 5033 ||| FLEEEEING.
  5035 | D:7      | 5035 ||| FLEEEEING.
  5036 | D:7      | 5036 ||| FLEEEEING.
  5037 | D:7      | 5037 ||| FLEEEEING.
  5052 | D:7      | 5052 ||| Stepping ~*~*~tactically~*~*~ (stealth).
  5054 | D:7      | 5054 ||| Stepping ~*~*~tactically~*~*~ (stealth).
  5055 | D:7      | 5055 ||| Stepping ~*~*~tactically~*~*~ (stealth).
  5190 | D:7      | Reached skill level 12 in Unarmed Combat
  5193 | D:7      | 5193 ||| Stepping ~*~*~tactically~*~*~ (stealth).
  5200 | D:7      | 5200 ||| Stepping ~*~*~tactically~*~*~ (outnumbered).
  5323 | D:7      | Found a sacrificial altar of Ru.
  5422 | D:7      | 5422 ||| UPGRADING to +0 steam dragon scales.
  5432 | D:7      | 5432 ||| DROPPING +1 robe of Uskayaw's Whim {Dex+4}.
  5433 | D:7      | 5433 ||| READING scroll labelled KURIW YBAYL.
  5490 | D:8      | 5490 ||| FLEEEEING.
  5499 | D:8      | 5499 ||| STAIRDANCE
  5527 | D:8      | 5527 ||| STAIRDANCE
  5533 | D:8      | 5533 ||| STAIRDANCE
  5537 | D:8      | 5537 ||| STAIRDANCE
  5544 | D:7      | Reached skill level 1 in Armour
  5544 | D:7      | Reached XP level 10. HP: 89/96 MP: 8/10
  5628 | D:8      | 5628 ||| Stepping ~*~*~tactically~*~*~ (stealth).
  5633 | D:8      | 5633 ||| Stepping ~*~*~tactically~*~*~ (stealth).
  5635 | D:8      | 5635 ||| Stepping ~*~*~tactically~*~*~ (stealth).
  5637 | D:8      | 5637 ||| Stepping ~*~*~tactically~*~*~ (stealth).
  5638 | D:8      | 5638 ||| Stepping ~*~*~tactically~*~*~ (stealth).
  5642 | D:8      | 5642 ||| Stepping ~*~*~tactically~*~*~ (outnumbered).
  5649 | D:8      | Found Neiraler's Book Shop.
  5651 | D:8      | 5651 ||| Stepping ~*~*~tactically~*~*~ (stealth).
  5673 | D:8      | 5673 ||| Stepping ~*~*~tactically~*~*~ (stealth).
  5681 | D:8      | 5681 ||| Stepping ~*~*~tactically~*~*~ (stealth).
  5701 | D:8      | 5701 ||| Stepping ~*~*~tactically~*~*~ (hiding).
  5864 | D:8      | 5864 ||| Stepping ~*~*~tactically~*~*~ (stealth).
  5870 | D:8      | 5870 ||| Stepping ~*~*~tactically~*~*~ (stealth).
  5872 | D:8      | 5872 ||| Stepping ~*~*~tactically~*~*~ (stealth).
  5877 | D:8      | 5877 ||| Stepping ~*~*~tactically~*~*~ (outnumbered).
  5880 | D:8      | 5880 ||| Stepping ~*~*~tactically~*~*~ (outnumbered).
  5883 | D:8      | 5883 ||| Stepping ~*~*~tactically~*~*~ (outnumbered).
  5884 | D:8      | 5884 ||| Stepping ~*~*~tactically~*~*~ (outnumbered).
  5885 | D:8      | 5885 ||| Stepping ~*~*~tactically~*~*~ (outnumbered).
  5887 | D:8      | Reached skill level 13 in Unarmed Combat
  5925 | D:8      | 5925 ||| Stepping ~*~*~tactically~*~*~ (stealth).
  6006 | D:8      | 6006 ||| Stepping ~*~*~tactically~*~*~ (stealth).
  6008 | D:8      | 6008 ||| Stepping ~*~*~tactically~*~*~ (stealth).
  6010 | D:8      | 6010 ||| Stepping ~*~*~tactically~*~*~ (stealth).
  6012 | D:8      | 6012 ||| Stepping ~*~*~tactically~*~*~ (hiding).
  6014 | D:8      | 6014 ||| Stepping ~*~*~tactically~*~*~ (hiding).
  6015 | D:8      | 6015 ||| Stepping ~*~*~tactically~*~*~ (hiding).
  6193 | D:8      | 6193 ||| UPGRADING to +0 tower shield.
  6198 | D:8      | 6198 ||| UPGRADING to +1 hat of see invisible.
  6203 | D:8      | 6203 ||| READING scroll labelled HAINAF QOADADO.
  6204 | D:8      | 6204 ||| READING 3 scrolls of identify.
  6204 | D:8      | 6204 ||| IDENTIFYING grey potion
  6221 | D:9      | Reached skill level 1 in Shields
  6311 | D:9      | 6311 ||| Stepping ~*~*~tactically~*~*~ (stealth).
  6313 | D:9      | 6313 ||| Stepping ~*~*~tactically~*~*~ (stealth).
  6426 | D:9      | 6426 ||| FLEEEEING.
  6462 | D:9      | 6462 ||| Stepping ~*~*~tactically~*~*~ (stealth).
  6465 | D:9      | 6465 ||| Stepping ~*~*~tactically~*~*~ (stealth).
  6468 | D:9      | 6468 ||| FLEEEEING.
  6469 | D:9      | 6469 ||| FLEEEEING.
  6505 | D:9      | Noticed a two-headed ogre
  6511 | D:9      | Killed a two-headed ogre
  6514 | D:9      | 6514 ||| Stepping ~*~*~tactically~*~*~ (hiding).
  6518 | D:9      | 6518 ||| INVOKING Fiery Armour.
  6525 | D:9      | 6525 ||| Stepping ~*~*~tactically~*~*~ (outnumbered).
  6539 | D:9      | 6539 ||| Stepping ~*~*~tactically~*~*~ (stealth).
  6541 | D:9      | 6541 ||| Stepping ~*~*~tactically~*~*~ (stealth).
  6542 | D:9      | 6542 ||| Stepping ~*~*~tactically~*~*~ (stealth).
  6544 | D:9      | 6544 ||| Stepping ~*~*~tactically~*~*~ (stealth).
  6545 | D:9      | 6545 ||| Stepping ~*~*~tactically~*~*~ (stealth).
  6548 | D:9      | 6548 ||| Stepping ~*~*~tactically~*~*~ (stealth).
  6551 | D:9      | 6551 ||| Stepping ~*~*~tactically~*~*~ (stealth).
  6600 | D:9      | 6600 ||| Stepping ~*~*~tactically~*~*~ (hiding).
  6614 | D:9      | 6614 ||| FLEEEEING.
  6615 | D:9      | 6615 ||| FLEEEEING.
  6793 | D:9      | Found a glowing golden altar of the Shining One.
  6869 | D:9      | 6869 ||| FLEEEEING.
  6885 | D:9      | Reached skill level 6 in Shields
  6900 | D:9      | 6900 ||| READING scroll labelled BOOG VEORYRUTUO.
  7001 | D:9      | 7001 ||| READING scroll labelled CIPNYRUSYD.
  7019 | D:10     | Entered Level 10 of the Dungeon
  7031 | D:10     | Noticed Maggie
  7043 | D:10     | Killed Maggie
  7070 | D:10     | 7070 ||| Stepping ~*~*~tactically~*~*~ (stealth).
  7217 | D:10     | Found a shimmering altar of Xom.
  7217 | D:10     | Found a broken altar of Ashenzari.
  7221 | D:10     | 7221 ||| Stepping ~*~*~tactically~*~*~ (hiding).
  7231 | D:10     | 7231 ||| Stepping ~*~*~tactically~*~*~ (stealth).
  7283 | D:10     | 7283 ||| Stepping ~*~*~tactically~*~*~ (stealth).
  7284 | D:10     | 7284 ||| Stepping ~*~*~tactically~*~*~ (stealth).
  7286 | D:10     | 7286 ||| Stepping ~*~*~tactically~*~*~ (stealth).
  7288 | D:10     | 7288 ||| Stepping ~*~*~tactically~*~*~ (hiding).
  7303 | D:10     | 7303 ||| FLEEEEING.
  7392 | D:10     | Reached XP level 11. HP: 104/104 MP: 11/11
  7439 | D:10     | Identified the +0 robe of the Catfish {Regen+ Dex+2}
  7704 | D:10     | Found a portal to a secret trove of treasure.
  7729 | D:10     | 7729 ||| DROPPING +0 robe of the Catfish {Regen+ Dex+2}.
  7730 | D:10     | 7730 ||| UPGRADING to +4 ring of evasion.
  7732 | D:10     | 7732 ||| DROPPING +6 ring of dexterity.
  7733 | D:10     | 7733 ||| READING scroll labelled KULECR KYLO.
  7752 | D:11     | 7752 ||| PLANNING GAUNTLET
  7761 | D:11     | Found a staircase to the Lair.
  7905 | D:11     | 7905 ||| Stepping ~*~*~tactically~*~*~ (hiding).
  7963 | D:11     | Found a gate leading to a gauntlet.
  7964 | D:11     | 7964 ||| UPGRADING to amulet of reflection.
  7974 | D:11     | 7974 ||| DROPPING amulet of guardian spirit.
  7975 | D:11     | 7975 ||| READING 5 scrolls of identify.
  7975 | D:11     | 7975 ||| IDENTIFYING red potion
  7976 | D:11     | 7976 ||| READING 4 scrolls of identify.
  7976 | D:11     | 7976 ||| IDENTIFYING emerald potion
  7977 | D:11     | 7977 ||| DROPPING potion of attraction.
  7987 | Gauntlet | Entered a Gauntlet
  7987 | Gauntlet | Found a transporter.
  7987 | Gauntlet | Found a transporter.
  7987 | Gauntlet | Found a transporter.
  7988 | Gauntlet | Found a transporter.
  7992 | Gauntlet | Found a transporter.
  8003 | Gauntlet | Noticed a green death
  8005 | Gauntlet | Found a transporter.
  8006 | Gauntlet | Noticed a minotaur
  8042 | Gauntlet | Noticed a hell beast
  8067 | Gauntlet | Found a transporter.
  8077 | Gauntlet | Found a transporter.
  8093 | Gauntlet | Found a transporter.
  8103 | Gauntlet | Found a transporter.
  8118 | Gauntlet | Found a transporter.
  8124 | Gauntlet | Found a transporter.
  8191 | Gauntlet | 8191 ||| INVOKING Fiery Armour.
  8192 | Gauntlet | 8192 ||| Stepping randomly (cloudy).
  8193 | Gauntlet | 8193 ||| Stepping ~*~*~tactically~*~*~ (cloud).
  8204 | Gauntlet | Identified the +1 cloak "Vywawn" {Rampage +Blink rC-
                  | Will++}
  8210 | Gauntlet | 8210 ||| UPGRADING to +1 cloak "Vywawn" {Rampage +Blink rC-
                  | Will++}.
  8226 | Gauntlet | 8226 ||| Stepping ~*~*~tactically~*~*~ (outnumbered).
  8232 | Gauntlet | 8232 ||| DRINKING potion of curing.
  8232 | Gauntlet | 8232 ||| (to cure confusion)
  8308 | Gauntlet | 8308 ||| UPGRADING to scarf of repulsion.
  8328 | Gauntlet | Gained mutation: You sometimes lose your temper in combat.
                  | [a neqoxec]
  8446 | Gauntlet | 8446 ||| DRINKING potion of mutation.
  8446 | Gauntlet | Lost mutation: You sometimes lose your temper in combat.
                  | [potion of mutation]
  8446 | Gauntlet | Gained mutation: You occasionally lose the ability to read
                  | scrolls when taking damage. [potion of mutation]
  8446 | Gauntlet | Gained mutation: Armour fits poorly on your strangely
                  | shaped body. [potion of mutation]
  8446 | Gauntlet | Gained mutation: You have a pair of small antennae on your
                  | head. [potion of mutation]
  8482 | Gauntlet | 8482 ||| INVOKING Fiery Armour.
  8557 | Gauntlet | Identified the +2 cloak of Lucidity {Rampage rC- Dex+8}
  8559 | Gauntlet | 8559 ||| DROPPING +1 cloak "Vywawn" {Rampage +Blink rC-
                  | Will++}.
  8560 | Gauntlet | 8560 ||| DROPPING +0 cloak.
  8576 | Gauntlet | HP: 23/104 [minotaur (19)]
  8577 | Gauntlet | 8577 ||| DRINKING 3 potions of heal wounds.
  8578 | Gauntlet | 8578 ||| INVOKING Fiery Armour.
  8579 | Gauntlet | 8579 ||| DRINKING 2 potions of heal wounds.
  8580 | Gauntlet | 8580 ||| DRINKING potion of heal wounds.
  8581 | Gauntlet | HP: 22/104 [minotaur (14)]
  8585 | Gauntlet | Killed a minotaur
  8586 | Gauntlet | Reached skill level 9 in Shields
  8726 | Gauntlet | 8726 ||| READING scroll labelled MUNTOEGEISK.
  8773 | Gauntlet | 8773 ||| READING 4 scrolls of identify.
  8773 | Gauntlet | 8773 ||| IDENTIFYING fuming dark potion
  8774 | Gauntlet | 8774 ||| DROPPING potion of magic.
  8779 | D:11     | 8779 ||| PLANNING LAIR
  8801 | Lair:1   | Entered Level 1 of the Lair of Beasts
  8805 | Lair:1   | You fall into a shaft and drop 1 floor!
  8839 | Lair:2   | 8839 ||| INVOKING Fiery Armour.
  8841 | Lair:2   | 8841 ||| Stepping ~*~*~tactically~*~*~ (outnumbered).
  8842 | Lair:2   | 8842 ||| Stepping ~*~*~tactically~*~*~ (outnumbered).
  8846 | Lair:2   | 8846 ||| Stepping ~*~*~tactically~*~*~ (outnumbered).
  8847 | Lair:2   | 8847 ||| Stepping ~*~*~tactically~*~*~ (outnumbered).
  8872 | Lair:2   | HP: 23/104 [killer bee (13)]
  8876 | Lair:2   | HP: 11/104 [poisoned by a killer bee]
  8879 | Lair:2   | HP: 3/104 [killer bee (5)]
  8880 | Lair:2   | HP: 1/104 [poisoned by a killer bee]
  8880 | Lair:2   | Slain by a killer bee

Levels and vault maps discovered:
D:1:      lemuel_arrival_broad_hall, layout_loops_corners,
          hellmonk_ecumenical_altar_blasted
D:2:      layout_basic, serial_forest, infiniplex_forest_clump_curved,
          infiniplex_forest_straight_1, infiniplex_forest_straight_2,
          infiniplex_forest_lined_corner, infiniplex_forest_clump_tiny,
          infiniplex_forest_lined_corner, infiniplex_forest_corner_1,
          infiniplex_forest_lined_3, infiniplex_forest_straight_5
D:3:      layout_loops_ring, hellmonk_ghost_happy_afterlife,
          minmay_misc_feat_encased, minmay_vboxes
D:4:      layout_basic, mainiacjoe_overflow_alcove_4,
          nicolae_ossuary_entry_giza, serial_bayou_pond_b, uniq_pikel
D:5:      layout_basic, slow_altar_2, trog_hazing_becter,
          minmay_misc_feat_more_columns, serial_park_tiny_pond
D:6:      layout_cave_pools, tgw_kikubaaqudgha,
          nicolae_qazlal_style_of_elements, riverfiend_overflow_shadow_ancestor,
          serial_shops, nicolae_shop_hallway_plus, shop, kennysheep_mini,
          nicolae_shop_hallway_plus, nicolae_wooded_promenade
D:7:      layout_basic, nicolae_ru_great_annihilating_truth,
          minmay_temple_entry_junction
D:8:      layout_basic, serial_shops, shop_fountains, nrook_campfire
D:9:      layout_rooms, tso_oasis_becter, serial_ice, serial_ice_l,
          serial_ice_g, serial_ice_a, serial_ice_b
D:10:     layout_loops_ring, jmf_multi_god_temple, nicolae_trove_entry_diagonal,
          uniq_maggie
D:11:     layout_cave_pools, lair_entry_dummy, gauntlet_entry_generic
Lair:1:   layout_small_grid, patterned_corridor, serial_bayou_shore_b
Lair:2:   layout_roguey, serial_forest, infiniplex_forest_clump_small,
          infiniplex_forest_split, infiniplex_forest_clump_medium,
          infiniplex_forest_corner_1, infiniplex_forest_lined_room_2,
          infiniplex_forest_lined_corner, infiniplex_forest_end_2, special_room
          [special_room_bee], uniq_urug, uniq_gastronok

Skill      XL: |  1  2  3  4  5  6  7  8  9 10 11 |
---------------+----------------------------------+-----
Unarmed Combat | 4 5 6 8 10 12 13 | 13.3
Fighting       | 5 |  5.3
Throwing       | 1 2 |  2.3
Dodging        | 1 3 |  3.1
Armour         | 1 2 |  2.1
Shields        | 6 9 |  9.5
Spellcasting   | |  1.0
Fire Magic     | |  2.1

Action                   |  1- 3 |  4- 6 |  7- 9 | 10-12 || total
-------------------------+-------+-------+-------+-------++-------
Melee: Unarmed           |   110 |    65 |   275 |   296 ||   746
       Punch             |     1 |     1 |    11 |     2 ||    15
Throw: Boomerang         |       |    14 |   107 |    36 ||   157
Invok: Fiery Armour      |     1 |     2 |     2 |     5 ||    10
  Use: Scroll            |     4 |     6 |     4 |     9 ||    23
       Potion            |       |     1 |     1 |     5 ||     7
 Stab: Paralysed         |       |       |     1 |       ||     1
Armor: Robe              |    45 |    19 |    45 |       ||   109
       Steam dragon scal |       |       |     2 |    89 ||    91
Dodge: Dodged            |    72 |    25 |   155 |   161 ||   413
Block: Tower shield      |       |       |       |   265 ||   265

Table legend:
 A = Non-vault XP
 B = Vault XP
 C = Vault XP percentage of total XP
 D = Non-vault monster count
 E = Vault monster count
 F = Vault count percentage of total count
                 A         B        C        D         E       F
            +---------+---------+-------+---------+---------+-------
      Total |   10144 |    6630 |  39.5 |     196 |      74 |  27.4
            +---------+---------+-------+---------+---------+-------
        D:1 |      53 |       0 |   0.0 |      31 |       0 |   0.0
        D:2 |     113 |       0 |   0.0 |      18 |       0 |   0.0
        D:3 |      63 |      31 |  33.0 |       9 |       4 |  30.8
        D:4 |     727 |     690 |  48.7 |      27 |       7 |  20.6
        D:5 |     239 |      17 |   6.6 |       8 |       7 |  46.7
        D:6 |    1397 |       0 |   0.0 |      27 |       0 |   0.0
        D:7 |    2071 |       8 |   0.4 |      22 |       4 |  15.4
        D:8 |    1653 |       0 |   0.0 |      22 |       0 |   0.0
        D:9 |    2126 |     649 |  23.4 |      16 |       7 |  30.4
       D:10 |     903 |     590 |  39.5 |      13 |       3 |  18.8
       D:11 |     799 |       0 |   0.0 |       3 |       0 |   0.0
     Lair:2 |       0 |    1120 | 100.0 |       0 |      14 | 100.0
    Ossuary |       0 |     177 | 100.0 |       0 |      16 | 100.0
   Gauntlet |       0 |    3348 | 100.0 |       0 |      12 | 100.0
            +---------+---------+-------+---------+---------+-------
